 Dungeon Crawl Stone Soup version 0.18.1-6-gd335043 (webtiles) character file.

902 Liquid the Firebug (level 7, -11/50 HPs)
             Began as a Demigod Fire Elementalist on May 18, 2016.
             Mangled by an ogre
             ... wielding a +0 giant spiked club
              (22 damage)
             ... on level 4 of the Dungeon.
             The game lasted 00:15:14 (3136 turns).

Liquid the Firebug (Demigod Fire Elementalist)      Turns: 3136, Time: 00:15:14

Health: -11/50     AC:  5    Str: 13    XL:     7   Next: 50%
Magic:  11/16      EV: 14    Int: 23    God:
Gold:   183        SH:  0    Dex: 18    Spells: 4 memorised, 5 levels left

rFire  . . .     SeeInvis .     e - +1 spear (venom)
rCold  . . .     Gourm    .     a - +0 robe
rNeg   . . .     Faith    .     (no shield)
rPois  +         Spirit   .     (no helmet)
rElec  .         Dismiss  .     r - +2 cloak
rCorr  .         Reflect  .     (no gloves)
SustAt +         Harm     .     (no boots)
MR     +....     Clarity  +     (no amulet)
Stlth  +......... Rnd*Tele +    (no ring)
                                (no ring)

@: somewhat resistant to hostile enchantments, very unstealthy
A: agile 1, blink, clarity, high mp 1, magic resistance 1, poison resistance,
strong 1, teleportitis 1, evolution 1, sustain attributes
a: Blink


You were on level 4 of the Dungeon.
You were not hungry.

You visited 1 branch of the dungeon, and saw 4 of its levels.

You collected 183 gold pieces.

Inventory:

Hand Weapons
 e - a +1 spear of venom (weapon)
Missiles
 f - 22 poisoned needles
Armour
 a - a +0 robe (worn)
 r - a +2 cloak (worn)
Scrolls
 i - 3 scrolls of remove curse
 j - a scroll of enchant armour
 k - 3 scrolls of identify
 m - a scroll of recharging
 n - a scroll of fear
 u - a scroll of teleportation {unknown}
Potions
 d - 2 potions of heal wounds
 l - 2 potions of degeneration
 o - 2 potions of curing
 p - a potion of lignification
 q - a potion of ambrosia {unknown}
 s - a potion of brilliance {unknown}
Books
 b - a book of Flames

   Spells                             Type                      Level
   a - Flame Tongue                   Conjuration/Fire             1
   b - Throw Flame                    Conjuration/Fire             2
   c - Conjure Flame                  Conjuration/Fire             3
   d - Inner Flame                    Hexes/Fire                   3
   e - Sticky Flame                   Conjuration/Fire             4
   f - Fireball                       Conjuration/Fire             5
Comestibles
 c - 4 bread rations
 g - 3 meat rations
 h - a beef jerky


   Skills:
 + Level 3.9 Dodging
 - Level 1.7 Stealth
 * Level 4.1 Spellcasting
 + Level 3.4 Conjurations
 * Level 5.5 Fire Magic


You had 5 spell levels left.
You knew the following spells:

 Your Spells              Type           Power        Failure   Level  Hunger
a - Flame Tongue          Conj/Fire      ####.        1%          1    None
b - Throw Flame           Conj/Fire      ####..       2%          2    #......
c - Conjure Flame         Conj/Fire      ####....     6%          3    ##.....
d - Inner Flame           Hex/Fire       ###.....     12%         3    ##.....


Dungeon Overview and Level Annotations

Branches:
Dungeon (4/15)
 Temple: D:4-7


Innate Abilities, Weirdness & Mutations

You have an increased reservoir of magic (+10% MP).
Your attributes are resistant to harm.
You are agile. (Dex +2)
You can translocate small distances at will.
You possess an exceptional clarity of mind.
You are resistant to hostile enchantments.
Your system is resistant to poisons.
Your muscles are strong. (Str +2)
You are occasionally teleported next to monsters.
You evolve.


Message History

You kill the orc!
The goblin misses you.
Casting: Flame Tongue
Confirm with . or Enter, or press ? or * to list all spells.
Aiming: Flame Tongue
Press: ? - help, Shift-Dir - straight line, f - goblin
Aim: a goblin The flame tongue hits the goblin.
The goblin is moderately wounded.
The goblin hits you.
* * * LOW HITPOINT WARNING * * *
The goblin shouts!
The goblin hits you but does no damage.
You enter the shallow water.
Moving in this stuff is going to be slow.
The ogre misses you.
You see here a dagger.
The goblin hits the plant but does no damage. x2
The ogre hits you with a giant spiked club!!
You die...

#>........## ##....###
.##.....#..###.)P.PP.##
.÷..............≈P≈≈≈P#
.#...##.#(.....P≈≈≈≈≈P.##
.#...##.###....P♣♣♣♣≈≈P.##
.#......# #..g.≈P♣ ♣≈PPP.#
....#..## #)##gg♣♣ ♣≈≈...#
..#.#..# #.##POP♣♣♣♣P...#
.##.#.## #.oP≈≈@♣P≈≈≈#.##
##..#.### ##.##P≈≈≈≈P...#
##.##...# #......PPP#.##
§§.##.#.## ##[########.#
#..#..#..# #.###......#
##.#.###.####().#.....##
......................#
##..######.###........#
....######.######.....#


You could see an ogre, an orc and 3 goblins.

Vanquished Creatures
  The ghost of Statics the Sneak, a novice OpTm (D:4)
  Grinder (D:3)
  Crazy Yiuf (D:2)
  A hound (D:4)
  An orc priest (D:4)
  A giant frog skeleton (D:4)
  3 orc wizards
  Terence (D:2)
  Jessica (D:3)
  Ijyb (D:3)
  Natasha (D:2)
  4 adders
  3 gnolls (D:2)
  2 worms (D:2)
  4 dart slugs
  3 giant geckos
  13 orcs
  A ball python (D:3)
  2 giant cockroaches
  8 goblins
  2 hobgoblins (D:1)
  3 jackals (D:2)
  A quokka (D:3)
  3 bats
  3 giant newts
  5 kobolds
  7 rats
77 creatures vanquished.

Notes
Turn   | Place    | Note
--------------------------------------------------------------
     0 | D:1      | Liquid the Demigod Fire Elementalist began the quest for the Orb.
     0 | D:1      | Reached XP level 1. HP: 14/14 MP: 5/5
    74 | D:1      | Reached skill level 1 in Conjurations
   202 | D:1      | Reached XP level 2. HP: 4/20 MP: 7/7
   461 | D:1      | Learned a level 2 spell: Throw Flame
   628 | D:1      | Reached skill level 3 in Fire Magic
   833 | D:2      | Noticed Terence
   844 | D:2      | Reached XP level 3. HP: 14/26 MP: 1/8
   860 | D:2      | Killed Terence
  1065 | D:2      | Learned a level 3 spell: Conjure Flame
  1150 | D:2      | Reached XP level 4. HP: 24/33 MP: 9/9
  1536 | D:2      | Noticed Crazy Yiuf
  1545 | D:2      | Killed Crazy Yiuf
  1646 | D:2      | Noticed Natasha
  1652 | D:2      | Killed Natasha
  1652 | D:2      | Reached skill level 4 in Fire Magic
  1652 | D:2      | Reached XP level 5. HP: 35/38 MP: 11/11
  1704 | D:3      | Noticed Jessica
  1737 | D:3      | Noticed Ijyb
  1762 | D:3      | Killed Ijyb
  1805 | D:3      | Gained mutation: You evolve. [potion of mutation]
  1805 | D:3      | Gained mutation: Your muscles are strong. (Str +2) [potion of mutation]
  1805 | D:3      | Gained mutation: You can translocate small distances at will. [potion of mutation]
  1806 | D:3      | Gained mutation: You are resistant to hostile enchantments. [potion of mutation]
  1806 | D:3      | Gained mutation: You possess an exceptional clarity of mind. [potion of mutation]
  1863 | D:3      | Killed Jessica
  1874 | D:3      | Learned a level 3 spell: Inner Flame
  1905 | D:3      | Found a blossoming altar of Fedhas.
  2233 | D:3      | Noticed Grinder
  2432 | D:3      | Killed Grinder
  2432 | D:3      | Reached XP level 6. HP: 26/45 MP: 0/13
  2447 | D:3      | Gained mutation: You are agile. (Dex +2) [potion of mutation]
  2447 | D:3      | Gained mutation: Your system is resistant to poisons. [potion of mutation]
  2447 | D:3      | Gained mutation: You are occasionally teleported next to monsters. [potion of mutation]
  2563 | D:4      | Noticed Statics's ghost (novice OpTm)
  2585 | D:4      | Killed Statics's ghost
  2585 | D:4      | Reached skill level 5 in Fire Magic
  2585 | D:4      | Reached XP level 7. HP: 50/50 MP: 5/15
  3136 | D:4      | Mangled by an ogre

Skill      XL: |  1  2  3  4  5  6  7 |
---------------+----------------------+-----
Conjurations   | 1 2 3 |  3.4
Dodging        | 2 3 |  3.9
Spellcasting   | 2 3 4 |  4.1
Fire Magic     | 3 4 5 |  5.5
Stealth        | |  1.7

Action                   |  1- 3 |  4- 6 |  7- 9 || total
-------------------------+-------+-------+-------++-------
Melee: Spear             |    50 |   127 |    29 ||   206
 Cast: Throw Flame       |     6 |    27 |    13 ||    46
       Flame Tongue      |     3 |    19 |    15 ||    37
       Conjure Flame     |       |     6 |     2 ||     8
       Inner Flame       |       |       |     1 ||     1
  Use: Scroll            |     1 |    10 |       ||    11
       Potion            |       |     4 |       ||     4
 Stab: Sleeping          |     6 |     3 |       ||     9
  Eat: Chunk             |     1 |     6 |     3 ||    10
Armor: Robe              |     5 |    17 |     6 ||    28
Dodge: Dodged            |    16 |    37 |    26 ||    79
